 Dungeon Crawl Stone Soup version 0.29.1-4-g47bece8355 (webtiles) character file.

Game seed: 13717843733721436688

3 wingedge the Caller (level 1, -1/11 HPs)
             Began as a Deep Elf Summoner on Dec 6, 2022.
             Slain by a jackal (2 damage)
             ... on level 1 of the Dungeon.
             The game lasted 00:01:16 (80 turns).

wingedge the Caller (Deep Elf Summoner)               Turns: 80, Time: 00:01:17

Health: -1/11      AC:  2    Str:  5    XL:     1   Next: 41%
Magic:  5/6        EV: 12    Int: 19    God:
Gold:   5          SH:  0    Dex: 15    Spells: 5/6 levels left

rFire   . . .      SeeInvis .   (no weapon)
rCold   . . .      Faith    .   (no shield)
rNeg    . . .      Spirit   .   a - +0 robe
rPois   .          Reflect  .   (no helmet)
rElec   .          Harm     .   (no cloak)
rCorr   .          Rampage  .   (no gloves)
Will    .....                   (no boots)
Stlth   ++........              (no amulet)
HPRegen 0.03/turn               (no ring)
MPRegen 0.10/turn               (no ring)

@: no status effects
A: no striking features
a: no special abilities


You were on level 1 of the Dungeon.
You visited 1 branch of the dungeon, and saw 1 of its levels.

You collected 5 gold pieces.

Inventory:

Armour
 a - a +0 robe (worn)


   Skills:
 + Level 0.7 Fighting
 - Level 2.4 Dodging
 - Level 2.4 Stealth
 - Level 3.0 Spellcasting
 - Level 4.3 Summonings


You had 5 spell levels left.
You knew the following spells:

 Your Spells              Type           Power      Damage    Failure   Level
a - Summon Small Mammal   Summ           76%        N/A       2%          1

Your spell library contained the following spells:

 Spells                   Type           Power      Damage    Failure   Level
 Call Imp                 Summ           19%        N/A       3%          2
 Call Canine Familiar     Summ           19%        N/A       8%          3
 Summon Guardian Golem    Hex/Summ       11%        N/A       19%         3
 Dazzling Flash           Conj/Hex       4%         N/A       41%         3
 Summon Lightning Spire   Summ/Air       11%        N/A       52%         4
 Agony                    Necr           2%         N/A       99%         5
 Silence                  Hex/Air        1%         N/A       99%         5


Dungeon Overview and Level Annotations

Branches:
Dungeon (1/15)

Altars:


Message History

Your rat dies!
Your rat's corpse disappears in a puff of smoke!
The jackal barks!
Okay, then.
Magic courses through your body.
Your bat hits the jackal but does no damage.
The jackal bites you but does no damage.
Unknown command.
Unknown command.
Casting: Summon Small Mammal (safe; 2% risk of failure)
Confirm with . or Enter, or press ? or * to list all spells.
Your bat closely misses the jackal.
The jackal closely misses you. The jackal barely misses you.
The jackal barely misses your bat.
You hit the jackal but do no damage.
The jackal is almost dead.
Your bat barely misses the jackal.
Your bat completely misses the jackal.
The jackal misses you. The jackal bites you.
The jackal closely misses your bat. The jackal completely misses you.
The jackal barely misses you.
A goblin comes into view. It is wielding a +0 dagger.
Unknown command.
Casting: Summon Small Mammal (safe; 2% risk of failure)
Confirm with . or Enter, or press ? or * to list all spells.
The goblin shouts!
Your bat disappears in a puff of smoke!
Your bat misses the jackal.
The jackal bites you but does no damage.
The jackal bites you.
Unknown command.
You closely miss the jackal.
The jackal is severely wounded.
Your bat misses the jackal.
The jackal bites you but does no damage.
The jackal bites you.
* * * LOW HITPOINT WARNING * * *
The jackal bites you.
* * * LOW HITPOINT WARNING * * *
Your quokka bites the jackal but does no damage.
The jackal closely misses you. The jackal bites you.
You die...

. #........##PPP#.#~~P##
.. #.......##P...#.#~~~P##
#.#.......#PP...#.#~~~~P#
#.......†.#PP...#.#~~~~P#
#..>†...#######.#######
..##...b..'......<......+
...........#######.#######
....#.#§.hr#P~~~~#.#..P.P#
...##§.§.h@#P~~~~#.#..PPP#
# ...§...h###P~~~#.#...P##
.........# ##P~~#.#P.P##
#..##....# ##PP#.#PP##
.........# ####+####
.......... .[g..####.
...[. .. ..... ..


You could see 3 jackals, a goblin, a friendly quokka (summoned) and a friendly
bat (summoned).

Vanquished Creatures (collateral kills)
  A ball python (D:1)
  An endoplasm (D:1)
  A rat (D:1)
3 creatures vanquished.

Notes
Turn   | Place    | Note
-------+----------+-------------------------------------------
     0 | D:1      | wingedge the Deep Elf Summoner began the quest for the Orb.
     0 | D:1      | Reached XP level 1. HP: 10/10 MP: 6/6
    80 | D:1      | Slain by a jackal

Illustrated notes

Levels and vault maps discovered:
D:1:      psy_arrival_terrarium, layout_rooms

Action                   || total
-------------------------++-------
Melee: Unarmed           ||     5
 Cast: Summon Small Mamm ||    11
  Use: Potion            ||     1
Armor: Robe              ||     4
Dodge: Dodged            ||    10
